Cogmind - Beta 11.1 @@@ ROGUE MODE // 2022.05.09 @ 13:03:43 Player: Zeldest Result: Destroyed by G-34 Mercenary with Small Laser Performance ------------- Evolutions (1) 500 Regions Visited (3) 600 Robots Destroyed (18) 90 Value Destroyed (410) 410 Prototype IDs (2) 40 Alien Tech Used (0) 0 Bonus (200) 200 TOTAL SCORE: 1840 Bonus ------- Pacifist 200 Cogmind --------- Core Integrity 0/400 Matter 285/300 Energy 51/100 System Corruption 0% Temperature Cool (95) Movement Core (50) Location -9/Storage Parts ------- > --- POWER (2) -------- (None) > --- PROPULSION (2) --- (None) > --- UTILITY (3) ------ (None) > --- WEAPON (2) ------- Precision Beam Rifle Improved Datajack > --- INVENTORY (5) ---- Light Nuclear Core Large Storage Unit Improved Datajack Improved Datajack Peak State ------------ > --- POWER ------------ Light Ion Engine > --- PROPULSION ------- Armored Treads Armored Treads > --- UTILITY ---------- Shield Generator > --- WEAPON ----------- Beam Rifle > --- INVENTORY -------- Armored Treads Shield Generator EM Shotgun Small Laser Improved Datajack [Rating: 12] Favorites ----------- Power Light Ion Engine Engine Light Ion Engine Power Core Light Nuclear Core Propulsion Wheel Treads Armored Treads Wheel Wheel Flight Unit Flight Unit Utility Shield Generator Device Shield Generator Weapon Improved Datajack Energy Gun Beam Rifle Special Melee Weapon Improved Datajack Build | -11 -10 -9 -9 ------- Run | Scr Mat Mat Sto Slots Evolved 2 | . . 2 . Power 1 | . . 1 . Propulsion . | . . . . Utility 1 | . . 1 . Weapon . | . . . . Parts Attached 24 | 3 4 16 1 Power 8 | 1 1 6 . Engine 7 | 1 1 5 . Core 1 | . . 1 . Reactor . | . . . . Propulsion 8 | 2 3 3 . Treads 2 | . . 2 . Leg . | . . . . Wheel 5 | 2 2 1 . Hover . | . . . . Flight 1 | . 1 . . Utility 2 | . . 2 . Device 2 | . . 2 . Storage . | . . . . Processor . | . . . . Hackware . | . . . . Protection . | . . . . Artifact . | . . . . Weapon 6 | . . 5 1 Energy Gun 4 | . . 4 . Energy Cannon . | . . . . Ballistic Gun . | . . . . Ballistic Cannon . | . . . . Launcher . | . . . . Special Weapon . | . . . . Impact Weapon . | . . . . Slashing Weapon . | . . . . Piercing Weapon . | . . . . Special Melee Weapon 2 | . . 1 1 Unidentified Prototypes 2 | . . 2 . Parts Lost 7 | . . 7 . Power 4 | . . 4 . Propulsion 2 | . . 2 . Utility . | . . . . Weapon 1 | . . 1 . Highest Loss Streak 2 | . . 2 . To Critical Strikes . | . . . . Average Slot Usage (%) 40 | . 22 47 22 Engine 11 | . 7 13 . Wheel 7 | . 7 8 . Flight 1 | . 7 . . Device 4 | . . 6 . Energy Gun 10 | . . 13 11 Special Melee Weapon 4 | . . 4 11 Naked Turns 56 | . 56 . . Heaviest Build 18 | 5 5 18 3 Greatest Support 40 | 20 10 40 3 Greatest Overweight (x) 3 | . 1 3 . Average Overweight (x) . | . . . . Largest Inventory Capacity 5 | 5 5 5 5 Average Capacity 5 | 5 5 5 5 Most Carried 5 | 4 5 5 4 Average Carried 3 | 2 3 3 4 Final Capacity 5 | 5 5 5 5 Final Carried 5 | 4 4 5 4 Class Distribution -------------------- 100% | Mutant Dominant Class ---------------- Mutant | -10/Materials Mutant | -9/Materials Mutant | -9/Storage Resources | -11 -10 -9 -9 ----------- Run | Scr Mat Mat Sto Matter Collected 420 | 169 . 251 . Remotely . | . . . . Salvage Created 641 | . . 588 53 Parts 34 | . . 34 . Haulers Intercepted 1 | . . 1 . Recyclers Shooed . | . . . . Parts Field Recycled . | . . . . Retrieved Matter . | . . . . Parts Self-Destructed . | . . . . Prevented . | . . . . Kills | -11 -10 -9 -9 ------- Run | Scr Mat Mat Sto Combat Hostiles Destroyed 15 | . . 14 1 Guns 15 | . . 14 1 Classes Destroyed 6 | . . 6 . Hauler 1 | . . 1 . Recycler 1 | . . 1 . Watcher 1 | . . 1 . Swarmer 8 | . . 8 . Grunt 5 | . . 4 1 Sentry 2 | . . 2 . Best Kill Streak 5 | . . 5 1 Combat Bots Only 4 | . . 4 1 Max Kills in Single Turn 1 | . . 1 1 Gunslinging . | . . . . Exploded . | . . . . Melee . | . . . . Uniques/NPCs Destroyed . | . . . . Combat | -11 -10 -9 -9 -------- Run | Scr Mat Mat Sto Damage Taken 988 | . 75 815 98 Core 461 | . 55 352 54 Absorbed by Shields 209 | . . 209 . Core Remaining (%) 89 | 100 78 . . Volleys Fired 64 | . . 58 6 Largest 2 | . . 2 1 Hottest 101 | . . 101 61 Shots Fired 88 | . . 82 6 Gun 88 | . . 82 6 Cannon . | . . . . Launcher . | . . . . Special . | . . . . Kinetic . | . . . . Thermal 81 | . . 75 6 Explosive . | . . . . Electromagnetic 7 | . . 7 . Robot Hit Streak 17 | . . 14 17 Robot Miss Streak 7 | . . 7 1 Penetration Max . | . . . . Secondary Targets 1 | . . 1 . Max Gunslinging Chain 1 | . . 1 . Shots Hit Robots 60 | . . 54 6 Core Hits 24 | . . 22 2 Critical Kills . | . . . . Critical Parts Destroyed . | . . . . Critical Strikes 3 | . . 2 1 Burn 3 | . . 2 1 Melee Attacks 15 | . . 12 3 Impact . | . . . . Slashing . | . . . . Piercing . | . . . . Sneak Attacks 5 | . . 5 . Combat Hostiles . | . . . . Follow-up Attacks . | . . . . Damage Inflicted 794 | . . 711 83 Guns 794 | . . 711 83 Cannons . | . . . . Explosions . | . . . . Melee . | . . . . Ramming . | . . . . Kinetic . | . . . . Thermal 694 | . . 611 83 Explosive . | . . . . Electromagnetic 100 | . . 100 . Impact . | . . . . Slashing . | . . . . Piercing . | . . . . Highest Corruption . | . . . . Average Corruption . | . . . . Corruption Purged . | . . . . Corruption Blocked . | . . . . Overload Shots . | . . . . Overflow Damage . | . . . . Projectiles . | . . . . Explosions . | . . . . Melee . | . . . . Knockbacks . | . . . . Impact . | . . . . Kinetic . | . . . . Secondary . | . . . . Self-Inflicted Damage . | . . . . Shots . | . . . . Rammed . | . . . . Targets Rammed . | . . . . Kicked . | . . . . Crushed . | . . . . Highest Temperature 396 | . . 396 89 Average Temperature 139 | . . 143 62 Received Heat Transfer 273 | . 42 177 54 Effects 2 | . . 2 . Shutdowns 1 | . . 1 . Energy Bleed 1 | . . 1 . Siege Activations . | . . . . Robots Corrupted . | . . . . Combat Hostiles . | . . . . Parts Fried . | . . . . Impact Corruptions . | . . . . Robots Melted . | . . . . Combat Hostiles . | . . . . Parts Melted 3 | . . 2 1 Heat Transferred 1818 | . . 1559 259 Parts Sabotaged . | . . . . Parts Stolen . | . . . . Parts Stripped . | . . . . Power Chain Reactions . | . . . . Missiles Intercepted . | . . . . Alert | -11 -10 -9 -9 ------- Run | Scr Mat Mat Sto Peak Influence 332 | . 45 332 99 Initial 39 | . . 18 39 Average 133 | . 20 179 58 Maximum Alert Level 1 | . . 1 . Low Security (%) 71 | 100 100 59 100 Level 1 28 | . . 40 . Level 2 . | . . . . Level 3 . | . . . . Level 4 . | . . . . Level 5 . | . . . . High Security . | . . . . Max Security . | . . . . Squads Dispatched 3 | . 1 2 . Investigation 1 | . 1 . . Extermination . | . . . . Reinforcement 2 | . . 2 . Assault . | . . . . Garrison . | . . . . Intercept . | . . . . Searches Triggered . | . . . . Construction Impeded . | . . . . Haulers Reinforced . | . . . . Active Scanning Responses . | . . . . Cargo Convoy Interrupts . | . . . . Stealth | -11 -10 -9 -9 --------- Run | Scr Mat Mat Sto Distress Signals 4 | . . 3 1 Communications Jammed . | . . . . Distress Signals . | . . . . Times Spotted 32 | . 6 23 3 Peak Tracking Total 5 | . 4 5 3 Tactical Retreats 2 | . 1 1 . Traps | -11 -10 -9 -9 ------- Run | Scr Mat Mat Sto Traps Triggered . | . . . . Indirectly . | . . . . Trap Hack Attempts . | . . . . Triggered . | . . . . Disarmed . | . . . . Reprogrammed . | . . . . Reused . | . . . . Traps Extracted . | . . . . Installed . | . . . . Triggered . | . . . . Machines | -11 -10 -9 -9 ---------- Run | Scr Mat Mat Sto Machines Disabled 2 | . . 2 . Max in Single Turn 1 | . . 1 . Machines Sabotaged . | . . . . Garrisons Compromised . | . . . . Overloaded Fab Kills . | . . . . Hacking | -11 -10 -9 -9 --------- Run | Scr Mat Mat Sto Machines Accessed 5 | . 2 3 . Terminals 5 | . 2 3 . Fabricators . | . . . . Repair Stations . | . . . . Recycling Units . | . . . . Scanalyzers . | . . . . Garrison Access . | . . . . Total Hacks 8 | . 5 3 . Successful 2 | . . 2 . Failed 6 | . 5 1 . Catastrophic . | . . . . Database Lockouts . | . . . . Manual 7 | . 5 2 . Terminals 8 | . 5 3 . Fabricators . | . . . . Repair Stations . | . . . . Recycling Units . | . . . . Scanalyzers . | . . . . Garrison Access . | . . . . Terminal Hacks 2 | . . 2 . Unreport Threat 1 | . . 1 . Zone Layout 1 | . . 1 . Fabricator Hacks . | . . . . Repair Station Hacks . | . . . . Recycling Unit Hacks . | . . . . Scanalyzer . | . . . . Garrison Access Hacks . | . . . . Unauthorized Hacks . | . . . . Terminals . | . . . . Fabricators . | . . . . Repair Stations . | . . . . Recycling Units . | . . . . Scanalyzers . | . . . . Garrison Access . | . . . . Data Cores Recovered . | . . . . Used . | . . . . Hacking Detections 4 | . 2 2 . Full Trace Events 1 | . 1 . . Feedback Events . | . . . . Feedback Blocked . | . . . . Robot Schematics Acquired . | . . . . Robots Built . | . . . . Authchips . | . . . . Time . | . . . . Total Robot Build Rating . | . . . . Part Schematics Acquired . | . . . . Parts Built . | . . . . Authchips . | . . . . Time . | . . . . Total Part Build Rating . | . . . . Parts Repaired . | . . . . Time . | . . . . Parts Recycled . | . . . . Recycled Matter . | . . . . Retrieved Matter . | . . . . Retrieved Components . | . . . . Parts Scanalyzed . | . . . . Part Schematics Acquired . | . . . . Parts Damaged . | . . . . Bothacking | -11 -10 -9 -9 ------------ Run | Scr Mat Mat Sto Used RIF Installer . | . . . . Robots Hacked 2 | . . 1 1 Non-combat 1 | . . 1 . Combat 1 | . . . 1 Robot Hacks Applied 2 | . . 1 1 parse_system 1 | . . . 1 no_distress 1 | . . 1 . Relay Couplers Released . | . . . . Fabnet Peak Effective % . | . . . . Robots Rewired . | . . . . Allies Hacked . | . . . . Hacks Repelled . | . . . . Allies | -11 -10 -9 -9 -------- Run | Scr Mat Mat Sto Total Allies . | . . . . Largest Group . | . . . . Highest-Rated Group . | . . . . Highest-Rated Ally . | . . . . Total Orders . | . . . . Ally Attacks . | . . . . Total Damage . | . . . . Kills . | . . . . Allies Corrupted . | . . . . Allies Melted . | . . . . Intel | -11 -10 -9 -9 ------- Run | Scr Mat Mat Sto Robot Analysis Total . | . . . . Derelict Logs Recovered . | . . . . Drone Launches . | . . . . Drone Recoveries . | . . . . Exploration | -11 -10 -9 -9 ------------- Run | Scr Mat Mat Sto Turns Passed 675 | 37 124 476 38 Spaces Moved 572 | 55 176 295 46 Core 377 | 53 98 180 46 Treads 5 | . . 5 . Legs . | . . . . Wheels 189 | 2 77 110 . Hover . | . . . . Flight 1 | . 1 . . Fastest Speed 50 | 50 50 50 50 Average Speed 72 | 51 63 84 50 Slowest Speed 200 | 80 120 200 50 Overloaded Moves . | . . . . Propulsion Burnouts . | . . . . Robots Hopped . | . . . . Cave-ins Triggered . | . . . . Exploration Rate (%) 23 | 4 42 33 13 Regions Visited 3 Branch Regions 1 Pre-discovered Areas . | . . . . Known Exits Taken . | . . . . Unknown Exits Taken 3 | 1 1 1 . Scrap Searched . | . . . . Spaces Dug . | . . . . Terrain Destroyed . | . . . . Melee . | . . . . Projectile . | . . . . AOE . | . . . . Terrain Rammed . | . . . . Walls Destroyed . | . . . . Machines Disabled . | . . . . Actions | -11 -10 -9 -9 --------- Run | Scr Mat Mat Sto Total 755 | 64 188 447 56 Wait 36 | . 5 31 . Move 569 | 54 175 294 46 Hop . | . . . . Pick Up 24 | 4 3 17 . Fast Attach . | . . . . Attach 24 | 3 4 16 1 Detach 11 | 3 1 7 . Swap 1 | . . 1 . Drop 11 | . . 11 . Fire 64 | . . 58 6 Melee 15 | . . 12 3 Ram . | . . . . Kick . | . . . . Crush . | . . . . Escape Stasis . | . . . . Rewire . | . . . . Trap . | . . . . Miscellaneous . | . . . . Route ------- -11/Scrapyard -10/Materials (discovered 2 exits: *Mat / [*Min]) -9/Materials -9/Storage History --------- Turn | Location | Event 11 | -11/Scrapyard | Discovered new exit (range 15) 38 | -11/Scrapyard | Entered Materials 142 | -10/Materials | Discovered new exit (range 8) 146 | -10/Materials | Discovered new exit (range 16) 162 | -10/Materials | Entered another Materials area 162 | -9/Materials | Evolved 2 slots: Power x1, Utility x1 312 | -9/Materials | Build established: Mutant 579 | -9/Materials | Core integrity fell below 50% 605 | -9/Materials | Discovered new exit (range 14) 634 | -9/Materials | Core integrity fell below 20% 638 | -9/Materials | Entered Storage 676 | -9/Storage | Destroyed by G-34 Mercenary with Small Laser Last Messages --------------- 00620_ Dropped Shield Generator. 00621_ Acquired Lrg. Storage Unit. 00626_ O-16 Technician sends out distress signal. 00626_ O-16 Technician: "IFF HANDSHAKE FAILED. SECURING TERMINAL." 00628_ ALERT: Hostiles spotted, dispatching reinforcements to Terminal M008. 00631_ Jacked G-34 Mercenary... 00637_ Imp. Datajack destroyed. LOCATION=UNKNOWN GOAL=ESCAPE 00643_ Connecting with Terminal... 00643_ Current location identified: Storage 00658_ W-16 Scout sends out distress signal. 00665_ Jacked G-47 Trooper... >>parse_system Reading system data... 00667_ G-47 Trooper suffers critical hit (Burn). 00673_ Lgt. Nuclear Core melted. 00673_ G-47 Trooper destroyed. 00674_ K-01 Serf collects debris. Map ----- +----------------------------------------------------+ | | | | | | | | | | | | | | | | | | | | | | | | | | | | | ?????????????????????????????????????????????????? | | ???????????????????????????????????##????????????? | | ?????????????#####??????????????? ???????????? | | ?????????????#"""#????????????? ]]]????????????? | | ?????#########"T"##########?? ]]?????????????? | | ?????# # " " ]]]????????????? | | ?????# u + "R" ??????????????? | | ?????# ^ # """ ??????????????? | | ?????######## ####### #?? ???????????????? | | ??#########?# #?????#k #????####??????????????? | | ??# ?# #?????# #??????????????????????? | | ??# # #?????# @#??????????????????????? | | ??# # #?????# #??????????????????????? | | ??# + #???? /g %/??????????????????????? | | ??# # #?? # # ?????????????????????? | | ??# # # //?# # ????????????????????? | | ??# # # /??# #?#????????????????????? | | ??# + #= ???+ #??????????????????????? | | ??############+###????##+##??????????????????????? | | ????????????"" ""????????????????????????????????? | | ?????????? """ """ ??????????????????????????????? | | ?????????# """ """ #?????????????????????????????? | | ????????# #?????????????????????????????? | | ????????## #?????????????????????????????? | | ?????????# #?????????????????????????????? | | ?????????? ??????????????????????????????? | | ?????????? ??????????????????????????????? | | ??????????#+#######??????????????????????????????? | | ?????????????????????????????????????????????????? | | ?????????????????????????????????????????????????? | | ?????????????????????????????????????????????????? | | ?????????????????????????????????????????????????? | | ?????????????????????????????????????????????????? | | ?????????????????????????????????????????????????? | | ?????????????????????????????????????????????????? | | ?????????????????????????????????????????????????? | +----------------------------------------------------+ Best States ------------- Heat Dissipation 28 Energy Generation 17 Energy Capacity 415 Matter Stores 300 Matter Capacity 300 Sight Range 16 Terrain Scan Density 10 Evasion (%) 50 Recoil Reduction 2 Item Schematics ----------------- None Robot Schematics ------------------ None Fabricated ------------ Nothing Alien Tech Used ----------------- None Achievements -------------- None Challenges ------------ None Game ------ Seed RemoteSapperDetector Manual? 0 Play Time 00:14:32 Cumulative 21.5 hours Start 2022.05.09 @ 12:48:26 End 2022.05.09 @ 13:03:43 Sessions 1 Manual Loads 0 Difficulty Rogue Special Mode None Game No. 49 Rogue 49 Adventurer 0 Explorer 0 Win Type - Total 0 Types 0/0/0/0/0/0/0/0/0 Lore% 20 Gallery% 25 Achievement% 19 Wizard Run 0 Options --------- ASCII 0 Keyboard 1 Movement Numpad Keybinds 0 Fullscreen 1 Font 18/SmallcapsGlow Map View 76x50 Tactical HUD 1 Map Filters NONE Filters NONE Steam 1 RUN: 5363078a-dd03-4a5f-bf7d-9ea2554ccc50